MLB
TEXAS RANGERS @ LOS ANGELES ANGELS
06/02/2018
 
TOP OF THE 1ST
Texas Rangers batting - Pitching for Los Angeles Angels : LHP Matt Boyd
Pitching: LHP Matt Boyd
Batting: LHB Ender Inciarte 0-0: Ball
1-0: Bunt for hit to 13S - play at first, batter safe!
Batting: SHB Cesar Hernandez 0-0: Ball
1-0: Called Strike
1-1: Called Strike
1-2: Ball
2-2: Foul Ball, location: 2F
2-2: Ball
3-2: Reached on error, E4 (Groundball, 4M)
Ender Inciarte to second
Batting: LHB Bryce Harper 0-0: DOUBLE (Flyball, 8LXD)
Ender Inciarte scores
Cesar Hernandez to third
Runner from 3rd tries for Home, SAFE, no throw by CF
Batting: LHB Eric Thames 0-0: Called Strike
0-1: Swinging Strike
0-2: Ball
1-2: SINGLE (Line Drive, 89M)
Bryce Harper to third
Batting: RHB Andrelton Simmons 0-0: Fly out, F8 (Flyball, 8RD)
Runner from 3rd tags up, SCORES, throw by CF
Batting: SHB Jeimer Candelario 0-0: Ball
1-0: Ball
2-0: Ball
3-0: Called Strike
3-1: Called Strike
3-2: Fielders Choice at 2nd, 6-4 (Groundball, 6)
Batting: RHB Max Stassi 0-0: Ball
1-0: Called Strike
1-1: Ball
2-1: Swinging Strike
2-2: Foul Ball, location: 2F
2-2: Ground out 4-3 (Groundball, 34)
Top of the 1st over - 3 runs, 3 hits, 1 error, 1 left on base; Texas 3 - Los Angeles 0
BOTTOM OF THE 1ST
Los Angeles Angels batting - Pitching for Texas Rangers : LHP Jon Lester
Pitching: LHP Jon Lester
Batting: RHB Kevin Pillar 0-0: Ball
1-0: Called Strike
1-1: Ground out 6-3 (Groundball, 6)
Batting: LHB Kevin Kiermaier 0-0: Foul Ball, location: 2F
0-1: Ball
1-1: Ball
2-1: Foul Ball, location: 2F
2-2: Strikes out swinging
Batting: RHB Trevor Story 0-0: Ball
1-0: Foul Ball, location: 2F
1-1: Called Strike
1-2: Foul Ball, location: 2F
1-2: Foul Ball, location: 2F
1-2: Foul Ball, location: 2F
1-2: Ground out 6-3 (Groundball, 6D)
Bottom of the 1st over - 0 runs, 0 hits, 0 errors, 0 left on base; Texas 3 - Los Angeles 0
TOP OF THE 2ND
Texas Rangers batting - Pitching for Los Angeles Angels : LHP Matt Boyd
Batting: LHB Joc Pederson 0-0: Called Strike
0-1: Foul Ball, location: 2F
0-2: Ball
1-2: Ball
2-2: Ball
3-2: Foul Ball, location: 2F
3-2: Strikes out swinging
Batting: SHB Asdrubal Cabrera 0-0: Ball
1-0: Ground out 6-3 (Groundball, 6M)
Batting: LHB Ender Inciarte 0-0: Foul Ball, location: 2F
0-1: Called Strike
0-2: Ball
1-2: Strikes out looking
Top of the 2nd over - 0 runs, 0 hits, 0 errors, 0 left on base; Texas 3 - Los Angeles 0
BOTTOM OF THE 2ND
Los Angeles Angels batting - Pitching for Texas Rangers : LHP Jon Lester
Batting: RHB Wil Myers 0-0: Called Strike
0-1: Ball
1-1: Fly out, F7 (Flyball, 7)
Batting: LHB Jason Kipnis 0-0: Ball
1-0: DOUBLE (Line Drive, 78XD)
Batting: RHB Tyler Austin 0-0: Foul Ball, location: 2F
0-1: Foul Ball, location: 2F
0-2: Ball
1-2: Foul Ball, location: 2F
1-2: Foul Ball, location: 2F
1-2: Ground out 6-3 (Groundball, 6)
Batting: RHB Evan Longoria 0-0: Called Strike
0-1: Ground out 5-3 (Groundball, 56S)
Bottom of the 2nd over - 0 runs, 1 hit, 0 errors, 1 left on base; Texas 3 - Los Angeles 0
TOP OF THE 3RD
Texas Rangers batting - Pitching for Los Angeles Angels : LHP Matt Boyd
Batting: SHB Cesar Hernandez 0-0: Ball
1-0: Ball
2-0: Ball
3-0: Called Strike
3-1: Base on Balls
Batting: LHB Bryce Harper 0-0: Ball
1-0: Foul Ball, location: 2F
1-1: Ball
2-1: Fielders Choice at 2nd, 2-6 (Groundball, 13S)
Batting: LHB Eric Thames 0-0: Ball
1-0: Ball
2-0: Called Strike
2-1: Ball
3-1: Fly out, F8 (Flyball, 89D)
Batting: RHB Andrelton Simmons 0-0: Called Strike
0-1: Ball
1-1: Ball
2-1: Ball
3-1: SINGLE (Line Drive, 89S)
Bryce Harper to second
Batting: SHB Jeimer Candelario 0-0: Ground out 5-3 (Groundball, 56S)
Top of the 3rd over - 0 runs, 1 hit, 0 errors, 2 left on base; Texas 3 - Los Angeles 0
BOTTOM OF THE 3RD
Los Angeles Angels batting - Pitching for Texas Rangers : LHP Jon Lester
Batting: RHB Wilmer Flores 0-0: Called Strike
0-1: Fly out, F9 (Flyball, 89M)
Batting: RHB Cameron Rupp 0-0: Ball
1-0: Fly out, F8 (Flyball, 8LD)
Batting: RHB Kevin Pillar 0-0: SINGLE (Line Drive, 89S)
Batting: LHB Kevin Kiermaier 0-0: Ball
Kevin Pillar steals 2nd base
1-0: Ball
2-0: Called Strike
2-1: Ball
3-1: Foul Ball, location: 2F
3-2: Strikes out looking
Bottom of the 3rd over - 0 runs, 1 hit, 0 errors, 1 left on base; Texas 3 - Los Angeles 0
TOP OF THE 4TH
Texas Rangers batting - Pitching for Los Angeles Angels : LHP Matt Boyd
Batting: RHB Max Stassi 0-0: Called Strike
0-1: Fly out, F4 (Popup, 4S)
Batting: LHB Joc Pederson 0-0: Foul Ball, location: 2F
0-1: Ball
1-1: Ground out 6-3 (Groundball, 6)
Batting: SHB Asdrubal Cabrera 0-0: Fly out, F4 (Popup, 3S)
Top of the 4th over - 0 runs, 0 hits, 0 errors, 0 left on base; Texas 3 - Los Angeles 0
BOTTOM OF THE 4TH
Los Angeles Angels batting - Pitching for Texas Rangers : LHP Jon Lester
Batting: RHB Trevor Story 0-0: Ball
1-0: Ball
2-0: Ball
3-0: Fly out, F8 (Line Drive, 8LD)
Batting: RHB Wil Myers 0-0: Called Strike
0-1: Ground out 5-3 (Groundball, 56S)
Batting: LHB Jason Kipnis 0-0: Ball
1-0: Ball
2-0: Called Strike
2-1: SINGLE (Popup, 3D)
Batting: RHB Tyler Austin 0-0: Ball
1-0: Ball
2-0: Ball
3-0: Base on Balls
Jason Kipnis to second
Batting: RHB Evan Longoria 0-0: Called Strike
0-1: SINGLE (Groundball, 56D)
Jason Kipnis to third
Tyler Austin to second
Runner from 3rd tries for Home, SAFE, throw by LF to home
Batting: RHB Wilmer Flores 0-0: Called Strike
0-1: Ball
1-1: Ball
2-1: Called Strike
2-2: Foul Ball, location: 2F
2-2: Fly out, F9 (Flyball, 9)
Bottom of the 4th over - 1 run, 2 hits, 0 errors, 2 left on base; Texas 3 - Los Angeles 1
TOP OF THE 5TH
Texas Rangers batting - Pitching for Los Angeles Angels : LHP Matt Boyd
Batting: LHB Ender Inciarte 0-0: Ball
1-0: Ball
2-0: Ball
3-0: Called Strike
3-1: Called Strike
3-2: Ground out 6-3 (Groundball, 56)
Batting: SHB Cesar Hernandez 0-0: Ball
1-0: Ball
2-0: Foul Ball, location: 2F
2-1: Ground out 4-3 (Groundball, 4)
Batting: LHB Bryce Harper 0-0: Ball
1-0: Foul Ball, location: 2F
1-1: Foul Ball, location: 2F
1-2: Ball
2-2: Ball
3-2: SOLO HOME RUN (Flyball, 89XD), Distance : 405 ft
Batting: LHB Eric Thames 0-0: Foul Ball, location: 2F
0-1: Called Strike
0-2: Ball
1-2: Strikes out swinging
Top of the 5th over - 1 run, 1 hit, 0 errors, 0 left on base; Texas 4 - Los Angeles 1
BOTTOM OF THE 5TH
Los Angeles Angels batting - Pitching for Texas Rangers : LHP Jon Lester
Batting: RHB Cameron Rupp 0-0: SINGLE (Line Drive, 56D)
Batting: RHB Kevin Pillar 0-0: Foul Ball, location: 2F
0-1: Ground out 6-3 (Groundball, 6MD)
Cameron Rupp to second
Batting: LHB Kevin Kiermaier 0-0: Foul Ball, location: 2F
0-1: Ball
1-1: Fly out, F9 (Flyball, 9LMF)
Batting: RHB Trevor Story 0-0: Called Strike
0-1: Ground out 1-3 (Groundball, 13S)
Bottom of the 5th over - 0 runs, 1 hit, 0 errors, 1 left on base; Texas 4 - Los Angeles 1
TOP OF THE 6TH
Texas Rangers batting - Pitching for Los Angeles Angels : LHP Matt Boyd
Pitching: LHP Jose Alvarez
Batting: RHB Andrelton Simmons 0-0: Called Strike
0-1: Ball
1-1: Ground out 1-3 (Groundball, 34S)
Batting: SHB Jeimer Candelario 0-0: DOUBLE (Line Drive, 9LM)
Batting: RHB Max Stassi 0-0: Ball
1-0: Foul Ball, location: 2F
1-1: Ground out 6-3 (Groundball, 6)
Batting: LHB Joc Pederson 0-0: Ball
1-0: Ball
2-0: Ball
3-0: Base on Balls
Batting: SHB Asdrubal Cabrera 0-0: Fly out, F9 (Flyball, 9LMF)
Top of the 6th over - 0 runs, 1 hit, 0 errors, 2 left on base; Texas 4 - Los Angeles 1
BOTTOM OF THE 6TH
Los Angeles Angels batting - Pitching for Texas Rangers : LHP Jon Lester
Batting: RHB Wil Myers 0-0: Swinging Strike
0-1: Called Strike
0-2: Strikes out looking
Batting: LHB Jason Kipnis 0-0: Ball
1-0: Foul Ball, location: 2F
1-1: SINGLE (Groundball, 6D)
Batting: RHB Tyler Austin 0-0: Ball
1-0: Fly out, F8 (Flyball, 8RM)
Batting: RHB Evan Longoria 0-0: Called Strike
0-1: Ball
1-1: Ball
Jason Kipnis is caught stealing 2nd base 2-4
Bottom of the 6th over - 0 runs, 1 hit, 0 errors, 0 left on base; Texas 4 - Los Angeles 1
TOP OF THE 7TH
Texas Rangers batting - Pitching for Los Angeles Angels : LHP Jose Alvarez
Pitching: LHP Luis Avilan
Batting: LHB Ender Inciarte 0-0: Ground out 4-3 (Groundball, 4S)
Batting: SHB Cesar Hernandez 0-0: Foul Ball, location: 2F
0-1: Ball
1-1: Swinging Strike
1-2: Ball
2-2: Ball
3-2: SINGLE (Groundball, 4MD)
Batting: LHB Bryce Harper 0-0: Foul Ball, location: 2F
0-1: Swinging Strike
0-2: Strikes out swinging
Batting: LHB Eric Thames 0-0: Called Strike
0-1: Called Strike
Cesar Hernandez steals 2nd base
0-2: Ball
1-2: Ball
2-2: Foul Ball, location: 2F
2-2: Strikes out swinging
Top of the 7th over - 0 runs, 1 hit, 0 errors, 1 left on base; Texas 4 - Los Angeles 1
BOTTOM OF THE 7TH
Los Angeles Angels batting - Pitching for Texas Rangers : LHP Jon Lester
Batting: RHB Evan Longoria 0-0: Called Strike
0-1: Ball
1-1: Ball
2-1: Hit by Pitch
Batting: RHB Wilmer Flores 0-0: Ball
1-0: Ball
2-0: Foul Ball, location: 2F
2-1: Grounds into double play, 4-6-3 (Groundball, 34)
Batting: RHB Cameron Rupp 0-0: Ball
1-0: Ball
2-0: Foul Ball, location: 2F
2-1: Swinging Strike
2-2: Ball
3-2: Ground out 6-3 (Groundball, 6)
Bottom of the 7th over - 0 runs, 0 hits, 0 errors, 0 left on base; Texas 4 - Los Angeles 1
TOP OF THE 8TH
Texas Rangers batting - Pitching for Los Angeles Angels : LHP Luis Avilan
Pitching: RHP Jeurys Familia
Batting: RHB Andrelton Simmons 0-0: Ball
1-0: Called Strike
1-1: Foul Ball, location: 2F
1-2: Foul Ball, location: 2F
1-2: Ball
2-2: Strikes out looking
Batting: SHB Jeimer Candelario 0-0: Ball
1-0: Foul Ball, location: 2F
1-1: DOUBLE (Line Drive, 89D)
Batting: RHB Max Stassi 0-0: Ball
1-0: Ball
2-0: Ball
3-0: Base on Balls
Batting: LHB Joc Pederson 0-0: Foul Ball, location: 2F
0-1: Ball
1-1: Called Strike
1-2: Ball
2-2: Foul Ball, location: 2F
2-2: Fly out, F9 (Flyball, 9)
Batting: SHB Asdrubal Cabrera 0-0: Called Strike
0-1: Ball
1-1: Ground out 4-3 (Groundball, 4)
Top of the 8th over - 0 runs, 1 hit, 0 errors, 2 left on base; Texas 4 - Los Angeles 1
BOTTOM OF THE 8TH
Los Angeles Angels batting - Pitching for Texas Rangers : LHP Jon Lester
Pitching: RHP Trevor Hildenberger
Batting: RHB Kevin Pillar 0-0: Foul Ball, location: 2F
0-1: Ball
1-1: Ball
2-1: Swinging Strike
2-2: Strikes out swinging
Batting: LHB Kevin Kiermaier 0-0: Called Strike
0-1: Ground out 1-3 (Groundball, P)
Batting: RHB Trevor Story 0-0: Fly out, F7 (Flyball, 7LS)
Bottom of the 8th over - 0 runs, 0 hits, 0 errors, 0 left on base; Texas 4 - Los Angeles 1
TOP OF THE 9TH
Texas Rangers batting - Pitching for Los Angeles Angels : RHP Jeurys Familia
Pitching: RHP Hansel Robles
Batting: LHB Ender Inciarte 0-0: Ball
1-0: Ground out 5-3 (Groundball, 56)
Pitching: RHP Chaz Roe
Batting: SHB Cesar Hernandez 0-0: Called Strike
0-1: Foul Ball, location: 2F
0-2: Strikes out swinging
Batting: LHB Bryce Harper 0-0: Ball
1-0: Ball
2-0: Called Strike
2-1: Swinging Strike
2-2: Strikes out swinging
Top of the 9th over - 0 runs, 0 hits, 0 errors, 0 left on base; Texas 4 - Los Angeles 1
BOTTOM OF THE 9TH
Los Angeles Angels batting - Pitching for Texas Rangers : RHP Trevor Hildenberger
Pitching: RHP Anthony Swarzak
Batting: RHB Wil Myers 0-0: Called Strike
0-1: Called Strike
0-2: Strikes out swinging
Batting: LHB Jason Kipnis 0-0: Ball
1-0: Ground out U3 (Groundball, 34)
Batting: RHB Tyler Austin 0-0: Ball
1-0: Foul Ball, location: 2F
1-1: Ball
2-1: Called Strike
2-2: Ball
3-2: Foul Ball, location: 2F
3-2: Base on Balls
Batting: RHB Evan Longoria 0-0: Swinging Strike
0-1: Ball
1-1: Ball
2-1: Foul Ball, location: 2F
2-2: Foul Ball, location: 2F
2-2: Ball
3-2: Base on Balls
Tyler Austin to second
Batting: RHB Wilmer Flores 0-0: Ball
1-0: Ball
2-0: Ball
3-0: Base on Balls
Tyler Austin to third
Evan Longoria to second
Batting: RHB Cameron Rupp 0-0: Called Strike
0-1: SINGLE (Groundball, 56D)
Tyler Austin scores
Evan Longoria to third
Wilmer Flores to second
Batting: RHB Kevin Pillar 0-0: Fly out, F8 (Line Drive, 8RD)
Bottom of the 9th over - 1 run, 1 hit, 0 errors, 3 left on base; Texas 4 - Los Angeles 2
Monday, August 6th, 2018 - OOTP Baseball 19.7 Build 59